 Dungeon Crawl Stone Soup version 0.18.1-48-g4cf74bf (webtiles) character file.

9038 Gargoyl the Protected (level 11, 0/85 HPs)
             Began as a Demonspawn Abyssal Knight on June 28, 2016.
             Was a High Priest of Lugonu.
             Succumbed to a spiny frog's poison
             ... on level 2 of the Lair of Beasts.
             The game lasted 00:35:49 (15104 turns).

Gargoyl the Protected (Demonspawn Abyssal Knight)  Turns: 15104, Time: 00:35:50

Health: 0/85       AC: 25    Str: 14 (17) XL:     11   Next: 17%
Magic:  12/12      EV:  6    Int: 13 (14) God:    Lugonu [*****.]
Gold:   494        SH:  5    Dex: 12 (13) Spells: 0 memorised, 10 levels left

rFire  . . .     SeeInvis .     h - +0 war axe
rCold  . . .     Gourm    .     K - +0 plate armour
rNeg   . . .     Faith    .     t - +0 buckler
rPois  +         Spirit   .     (helmet restricted)
rElec  .         Dismiss  .     o - +1 cloak
rCorr  .         Reflect  .     (no gloves)
SustAt .         Harm     .     b - +1 pair of boots
MR     ++++.                    (no amulet)
Stlth  ..........               B - ring of poison resistance
                                J - ring of protection from magic

@: lethally poisoned (0 -> -1), incredibly resistant to hostile enchantments,
extremely unstealthy
A: horns 2, iridescent scales 2, low mp 1, magic resistance 3, nightstalker 1,
poison resistance, screaming 1, strong 1, wild magic 1
a: Depart the Abyss, Bend Space, Banish, Corrupt, Enter the Abyss, Renounce
Religion


You were on level 2 of the Lair of Beasts.
You worshipped Lugonu.
Lugonu was extremely pleased with you.
You were hungry.

You visited 2 branches of the dungeon, and saw 11 of its levels.
You visited the Abyss 1 time.

You collected 494 gold pieces.

Inventory:

Hand Weapons
 h - a +0 war axe (weapon)
Armour
 b - a +1 pair of boots (worn)
 o - a +1 cloak (worn)
 t - a +0 buckler (worn)
 w - a cursed +0 chain mail
 K - a +0 plate armour (worn)
Jewellery
 B - a ring of poison resistance (right hand)
 J - a ring of protection from magic (left hand)
 L - an uncursed ring of stealth {unknown}
Wands
 d - a wand of lightning (11/15)
 e - a wand of acid (7/15)
 m - a wand of flame (36/48)
 p - a wand of acid (1/15)
 H - a wand of flame (19/48)
Scrolls
 a - a scroll of fog
 g - 2 scrolls of blinking
 i - a scroll of fear
 n - a scroll of enchant weapon
 r - a scroll of teleportation
 s - 3 scrolls of identify
 u - 2 scrolls of recharging
 v - 2 scrolls of noise
 x - 4 scrolls of remove curse
Potions
 k - 2 potions of flight
 z - a potion of agility
 F - a potion of brilliance
 G - a potion of degeneration
Books
 C - a book of Party Tricks

   Spells                             Type                      Level
   a - Summon Butterflies             Summoning                    1
   b - Apportation                    Translocation                1
   c - Tukima's Dance                 Hexes                        3
   d - Alistair's Intoxication        Transmutation/Poison         5
   e - Invisibility                   Hexes                        6
 E - a book of Debilitation

   Spells                             Type                      Level
   a - Corona                         Hexes                        1
   b - Slow                           Hexes                        2
   c - Gell's Gravitas                Hexes/Translocation          3
   d - Inner Flame                    Hexes/Fire                   3
   e - Cause Fear                     Hexes                        4
   f - Leda's Liquefaction            Hexes/Earth                  4
Comestibles
 c - 7 bread rations
 j - 2 beef jerkies
 q - 3 meat rations


   Skills:
 + Level 7.7 Fighting
 + Level 7.7 Axes
 * Level 10.7 Armour
 + Level 3.9 Dodging
 + Level 1.0 Stealth
 + Level 5.0 Shields
 + Level 3.1 Invocations
 + Level 1.3 Evocations


You had 10 spell levels left.
You didn't know any spells.

Dungeon Overview and Level Annotations

Branches:
Dungeon (9/15)               Lair (2/8) D:8             Orc (0/2) D:9
 Temple: D:4-7

Altars:
Cheibriados
Dithmenos
Elyvilon
Gozag
Kikubaaqudgha
Makhleb
Nemelex Xobeh
Okawaru
Pakellas
Qazlal
Ru
Trog
Zin

Shops:
D:9 %

Annotations:
D:5 Gargoyl's ghost, novice DsAK
D:7 exclusion: ice statue
Lair:1 Urug


Innate Abilities, Weirdness & Mutations

You have a pair of horns on your head.
You are mostly covered in iridescent scales (AC +6).
You are slightly more attuned to the shadows.
Your magical capacity is low (-10% MP).
You are extremely resistant to the effects of hostile enchantments.
Your system is resistant to poisons.
You occasionally shout uncontrollably at your foes.
Your muscles are strong. (Str +2)
Your spells are a little harder to cast, but a little more powerful.


Message History

Okay, then.
* * * LOW HITPOINT WARNING * * *
You feel sick.
* * * LOW HITPOINT WARNING * * *
You feel sick.
* * * LOW HITPOINT WARNING * * *
You feel sick.
* * * LOW HITPOINT WARNING * * *
You feel sick.
* * * LOW HITPOINT WARNING * * *
You feel sick.
* * * LOW HITPOINT WARNING * * *
You feel sick.
* * * LOW HITPOINT WARNING * * *
You feel sick.
* * * LOW HITPOINT WARNING * * *
You feel sick.
* * * LOW HITPOINT WARNING * * *
You feel sick.
You die...

#### ### ##..### ###.###
##.....# ##.....##
#......## ##.......##
#.......##
#.........####........#
#..........##....#.^..H
##.....@....#...###P...H
#..<.........#..##.....F
#...........#..####.....
#..............## #.....
#.(.............# ##....
#.............### #P....
##.#..........# #.....
#####........# ...###
#P.##.....#


There were no monsters in sight!

Vanquished Creatures
  Erica (D:8)
  Pikel (D:8)
  3 griffons
  A polar bear (D:9)
  A troll (D:9)
  Sigmund (D:3)
  5 yaks
  2 hogs (D:8)
  7 black bears
  2 ice beasts
  3 sky beasts
  8 orc warriors
  A phantom (D:9)
  5 ogres
  2 wolves (D:8)
  2 centaurs (D:6)
  3 giant frogs
  A water moccasin zombie (D:8)
  2 scorpions
  8 wights (D:6)
  5 killer bees (D:8)
  2 electric eels (D:9)
  4 crimson imps
  2 giant frog skeletons
  5 hounds
  10 orc wizards
  A gnoll shaman (D:8)
  5 orc priests
  Crazy Yiuf (D:6)
  A centaur skeleton (D:6)
  2 iguanas (D:4)
  Ijyb (D:3)
  4 worker ants
  3 killer bee zombies
  A mummy (D:6)
  16 gnolls
  9 adders
  3 shadow imps
  An adder skeleton (D:8)
  3 worms
  5 dart slugs
  6 giant geckos
  32 orcs
  6 giant cockroaches
  16 goblins
  9 hobgoblins
  7 jackals
  5 quokkas
  2 ball pythons
  4 bats
  8 giant newts
  A hobgoblin zombie (D:6)
  10 kobolds
  A kobold zombie (D:6)
  2 orc zombies (D:6)
  A quokka zombie (D:9)
  9 rats
  4 fungi (D:6)
  A toadstool (D:1)
267 creatures vanquished.

Vanquished Creatures (others)
  A troll (D:8)
  A slave (D:8)
  An eye of draining (D:8)
  A crimson imp (D:8)
  A giant frog zombie (D:8)
  An iguana (D:8)
  A worker ant (D:8)
  An adder skeleton (D:8)
  An orc (D:8)
  4 jackals (D:8)
  4 toadstools (D:1)
17 creatures vanquished.

Grand Total: 284 creatures vanquished

Notes
Turn   | Place    | Note
--------------------------------------------------------------
     0 | Abyss:1  | Gargoyl the Demonspawn Abyssal Knight began the quest for the Orb.
     0 | Abyss:1  | Reached XP level 1. HP: 18/18 MP: 2/2
    22 | Abyss:2  | Found a corrupted altar of Lugonu.
    51 | Abyss:2  | Noticed a thrashing horror
    54 | D:1      | Escaped the Abyss
    93 | D:1      | Reached * piety under Lugonu
   296 | D:1      | Gained mutation: You have a pair of small horns on your head. [demonic ancestry]
   296 | D:1      | Reached XP level 2. HP: 14/24 MP: 3/3
   528 | D:1      | Reached skill level 2 in Armour
   528 | D:1      | Reached skill level 1 in Dodging
   724 | D:1      | Gained mutation: You are slightly more attuned to the shadows. [demonic ancestry]
   724 | D:1      | Reached XP level 3. HP: 21/30 MP: 4/4
  1590 | D:2      | Reached ** piety under Lugonu
  1655 | D:3      | Reached XP level 4. HP: 22/37 MP: 5/5
  2797 | D:2      | Reached skill level 3 in Armour
  2980 | D:3      | Reached XP level 5. HP: 41/42 MP: 6/6
  3278 | D:3      | Noticed Sigmund
  3291 | D:3      | Killed Sigmund
  3291 | D:3      | Reached skill level 1 in Shields
  3291 | D:3      | Gained mutation: You are partially covered in iridescent scales (AC +4). [demonic ancestry]
  3291 | D:3      | Reached XP level 6. HP: 19/49 MP: 7/7
  3485 | D:3      | Reached *** piety under Lugonu
  3737 | D:3      | Reached skill level 4 in Armour
  3817 | D:3      | Noticed Ijyb
  3829 | D:3      | Killed Ijyb
  4258 | D:4      | Found a stormy altar of Qazlal.
  4351 | D:4      | Noticed an ice beast
  4366 | D:4      | Killed an ice beast
  4366 | D:4      | Reached XP level 7. HP: 15/55 MP: 8/8
  4810 | D:4      | Reached skill level 5 in Armour
  5429 | D:5      | Entered Level 5 of the Dungeon
  5485 | D:5      | Noticed Gargoyl's ghost (novice DsAK)
  5649 | D:6      | Reached skill level 5 in Fighting
  5742 | D:6      | Reached skill level 6 in Armour
  5812 | D:6      | Reached **** piety under Lugonu
  5812 | D:6      | Reached XP level 8. HP: 23/62 MP: 9/9
  6129 | D:6      | Found a white marble altar of Elyvilon.
  6750 | D:6      | HP: 3/63 [wight/halberd (10)]
  6808 | D:7      | Reached skill level 7 in Armour
  7532 | D:6      | Noticed Crazy Yiuf
  7542 | D:6      | Killed Crazy Yiuf
  8133 | D:7      | Noticed an ice statue
  8336 | D:7      | Reached XP level 9. HP: 38/69 MP: 11/11
  8534 | D:7      | Found a burning altar of Makhleb.
  8625 | D:7      | Reached skill level 5 in Axes
  8809 | D:7      | Found a bloodstained altar of Trog.
  8810 | D:7      | Found an ancient bone altar of Kikubaaqudgha.
  8842 | D:7      | Found a shadowy altar of Dithmenos.
  8849 | D:7      | Found an iron altar of Okawaru.
  8855 | D:7      | Found a snail-covered altar of Cheibriados.
  9127 | D:8      | Reached skill level 1 in Evocations
  9182 | D:8      | Noticed Pikel
  9225 | D:8      | Killed Pikel
  9225 | D:8      | Reached skill level 8 in Armour
  9416 | D:8      | Noticed Erica
  9438 | D:8      | Killed Erica
  9465 | D:7      | Found a sparkling altar of Nemelex Xobeh.
  9465 | D:7      | Found an oddly glowing altar of Pakellas.
 10010 | D:8      | Reached skill level 9 in Armour
 10167 | D:8      | Found a staircase to the Lair.
 10255 | D:8      | Found a glowing silver altar of Zin.
 10405 | D:8      | Gained mutation: You are mostly covered in iridescent scales (AC +6). [demonic ancestry]
 10405 | D:8      | Reached XP level 10. HP: 73/77 MP: 12/12
 10426 | D:9      | Found a huge runed gate.
 10426 | D:9      | Found a huge runed gate.
 10426 | D:9      | Found a huge runed gate.
 10426 | D:9      | Noticed a griffon
 10427 | D:9      | Found a huge runed gate.
 10427 | D:9      | Noticed a griffon
 10428 | D:9      | Noticed a griffon
 10439 | D:9      | Found Kiseniu's Food Boutique.
 10513 | D:9      | Reached ***** piety under Lugonu
 10895 | D:9      | Gained mutation: You occasionally shout uncontrollably at your foes. [mutagenic meat]
 10896 | D:9      | Gained mutation: You are resistant to hostile enchantments. [mutagenic meat]
 10897 | D:9      | Gained mutation: Your magical capacity is low (-10% MP). [mutagenic meat]
 10898 | D:9      | Gained mutation: Your spells are a little harder to cast, but a little more powerful. [mutagenic meat]
 10899 | D:9      | Gained mutation: Your magical capacity is very low (-20% MP). [mutagenic meat]
 11098 | D:9      | Gained mutation: Scrolls take you a little longer to read. [potion of mutation]
 11098 | D:9      | Gained mutation: You tend to lose your temper in combat. [potion of mutation]
 12178 | D:9      | Lost mutation: You tend to lose your temper in combat. [mutagenic meat]
 12179 | D:9      | Gained mutation: Your muscles are strong. (Str +2) [mutagenic meat]
 12180 | D:9      | Lost mutation: Your spells are a little harder to cast, but a little more powerful. [mutagenic meat]
 12181 | D:9      | Gained mutation: You are highly resistant to hostile enchantments. [mutagenic meat]
 12378 | D:9      | Found an opulent altar of Gozag.
 12548 | D:9      | Reached skill level 10 in Armour
 12751 | D:9      | Found a staircase to the Orcish Mines.
 13197 | D:9      | Found a sacrificial altar of Ru.
 13506 | D:8      | Gained mutation: Your system is resistant to poisons. [potion of mutation]
 13506 | D:8      | Gained mutation: Your spells are a little harder to cast, but a little more powerful. [potion of mutation]
 13516 | D:8      | HP: 2/118 [griffon (9)]
 13521 | D:8      | Killed a griffon
 13855 | D:8      | Killed a griffon
 14045 | D:8      | Gained mutation: You have a pair of horns on your head. [demonic ancestry]
 14045 | D:8      | Reached XP level 11. HP: 60/84 MP: 10/10
 14359 | D:9      | Killed a griffon
 14359 | D:9      | Reached skill level 1 in Stealth
 14382 | D:9      | Reached skill level 5 in Shields
 14672 | Lair:1   | Entered Level 1 of the Lair of Beasts
 14678 | Lair:1   | Noticed Urug
 14689 | Lair:1   | Lost mutation: Your magical capacity is very low (-20% MP). [potion of cure mutation]
 14689 | Lair:1   | Lost mutation: Your system is resistant to poisons. [potion of cure mutation]
 14689 | Lair:1   | Lost mutation: Scrolls take you a little longer to read. [potion of cure mutation]
 15068 | Lair:2   | Noticed a griffon
 15090 | Lair:2   | Gained mutation: Your system is resistant to poisons. [potion of mutation]
 15090 | Lair:2   | Gained mutation: You are extremely resistant to the effects of hostile enchantments. [potion of mutation]
 15094 | Lair:2   | HP: 4/85 [poisoned by a spiny frog]
 15100 | Lair:2   | HP: 1/85 [poisoned by a spiny frog]
 15104 | Lair:2   | Succumbed to a spiny frog's poison

Skill      XL: |  1  2  3  4  5  6  7  8  9 10 11 |
---------------+----------------------------------+-----
Axes           | 2 3 4 6 7 |  7.7
Armour         | 2 3 4 6 7 9 10 | 10.7
Dodging        | 1 2 3 |  3.9
Fighting       | 4 5 6 7 |  7.7
Shields        | 1 2 3 4 5 |  5.0
Evocations     | 1 |  1.3
Invocations    | 3 |  3.1
Stealth        | 1 |  1.0

Action                   |  1- 3 |  4- 6 |  7- 9 | 10-12 || total
-------------------------+-------+-------+-------+-------++-------
Melee: Hand axe          |   125 |   222 |   343 |       ||   690
       Headbutt          |    15 |    31 |   115 |    97 ||   258
       War axe           |       |       |   276 |   466 ||   742
Invok: Depart the Abyss  |     1 |       |       |       ||     1
       Bend Space        |       |       |     1 |       ||     1
       Banish            |       |       |       |     1 ||     1
Evoke: Wand              |       |     1 |     8 |     2 ||    11
  Use: Scroll            |       |     1 |    21 |     4 ||    26
       Potion            |       |     1 |     2 |    16 ||    19
  Eat: Chunk             |     2 |     9 |    18 |    22 ||    51
       Beef jerky        |       |       |     2 |       ||     2
       Fruit             |       |       |       |     3 ||     3
       Royal jelly       |       |       |       |     1 ||     1
Armor: Leather armour    |     8 |       |       |       ||     8
       Chain mail        |    58 |   178 |   132 |       ||   368
       Ring mail         |     9 |       |       |       ||     9
       Plate armour      |       |       |   377 |   639 ||  1016
       Skin              |       |       |       |    30 ||    30
Dodge: Dodged            |    62 |    83 |   180 |   221 ||   546
Block: Buckler           |     2 |    53 |   124 |   187 ||   366
